 Dungeon Crawl Stone Soup version 0.22-a0-609-gfedc9ff (webtiles) character file.

144 Amnesiac the Magician (level 5, -8/28 HPs)
             Began as a Deep Elf Wizard on July 10, 2018.
             Mangled by a river rat (9 damage)
             ... in a sewer.
             The game lasted 00:05:54 (2410 turns).

Amnesiac the Magician (Deep Elf Wizard)             Turns: 2410, Time: 00:05:54

Health: -8/28      AC:  2    Str:  4    XL:     5   Next: 5%
Magic:  0/17       EV: 13    Int: 24    God:
Gold:   97         SH:  0    Dex: 13    Spells: 8/19 levels left

rFire    . . .     SeeInvis .   f - +0 fustibalus
rCold    . . .     Gourm    .   (no shield)
rNeg     . . .     Faith    .   a - +0 robe
rPois    .         Spirit   .   (no helmet)
rElec    .         Reflect  .   (no cloak)
rCorr    .         Harm     .   (no gloves)
MR       .....                  (no boots)
Stlth    ++........             (no amulet)
HPRegen  0.09/turn              (no ring)
MPRegen  0.15/turn              (no ring)

@: very slightly contaminated
A: no striking features
a: no special abilities


You were in a sewer.
You were not hungry.

You visited 1 branch of the dungeon, and saw 6 of its levels.
You also visited: Sewer.

You collected 97 gold pieces.

Inventory:

Hand Weapons
 f - a +0 fustibalus (weapon)
Missiles
 e - 21 stones (quivered)
Armour
 a - a +0 robe (worn)
Jewellery
 h - a +2 amulet of reflection {unknown}
Wands
 i - a wand of acid (10)
 j - a wand of random effects (23)
Scrolls
 c - a scroll of immolation {!r, unknown}
 l - a scroll of enchant armour {!r, unknown}
 m - 2 scrolls of remove curse {!r, unknown}
 n - 3 scrolls of identify {!r}
 q - a scroll of fear {!r, unknown}
Potions
 b - a potion of ambrosia {!q, unknown}
 g - a potion of magic {!q}
 k - a potion of heal wounds {!q, unknown}
 o - a potion of degeneration {!q, unknown}
 p - a potion of haste {!q, unknown}
Comestibles
 d - 2 rations


   Skills:
 - Level 2.4 Dodging
 - Level 2.4 Stealth
 + Level 7.9 Spellcasting
 - Level 1.1 Conjurations
 - Level 1.1 Summonings
 - Level 1.1 Translocations


You had 8 spell levels left.
You knew the following spells:

 Your Spells              Type           Power        Failure   Level  Hunger
a - Magic Dart            Conj           ##..         4%          1    None
b - Call Imp              Summ           ##......     6%          2    None
e - Mephitic Cloud        Conj/Pois/Air  ##......     17%         3    None
s - Conjure Flame         Conj/Fire      ##......     16%         3    None
v - Blink                 Tloc           N/A          6%          2    None

Your spell library contained the following spells:

 Spells                   Type           Power        Failure   Level  Hunger
 Lightning Bolt           Conj/Air       ##........   82%         5    #####..
 Slow                     Hex            #.......     10%         2    None
 Shock                    Conj/Air       ##..         5%          1    None
 Swiftness                Chrm/Air       #.......     10%         2    None
 Airstrike                Air            #.........   54%         4    ##.....
 Static Discharge         Conj/Air       ##......     16%         3    None


Dungeon Overview and Level Annotations

Branches:
Dungeon (6/15)
 Temple: D:4-7

Altars:
Ashenzari
Dithmenos
Gozag

Shops:
D:5 %

Annotations:
D:3 exclusions: goblin and hobgoblin
D:4 exclusion: upstairs, Pikel


Message History

Confirm with . or Enter, or press ? or * to list all spells.
Aiming: Magic Dart (safe; 4% risk of failure)
Press: ? - help, Shift-Dir - straight line, f/p - river rat
Aim: a river rat (heavily wounded)
You miscast Magic Dart.
You are very lightly contaminated with residual magic.
Nothing appears to happen.
The river rat bites you.
Casting: Magic Dart (safe; 4% risk of failure)
Confirm with . or Enter, or press ? or * to list all spells.
Aiming: Magic Dart (safe; 4% risk of failure)
Press: ? - help, Shift-Dir - straight line, f/p - river rat
Aim: a river rat (heavily wounded)
The magic dart hits the river rat.
The river rat is heavily wounded.
The river rat closely misses you.
Casting: Magic Dart (safe; 4% risk of failure)
Confirm with . or Enter, or press ? or * to list all spells.
Aiming: Magic Dart (safe; 4% risk of failure)
Press: ? - help, Shift-Dir - straight line, f/p - river rat
Aim: a river rat (heavily wounded)
The magic dart hits the river rat.
The river rat is heavily wounded.
The river rat misses you.
Casting: Magic Dart (safe; 4% risk of failure)
Confirm with . or Enter, or press ? or * to list all spells.
You don't have enough magic to cast that spell.
Casting: Magic Dart (safe; 4% risk of failure)
Confirm with . or Enter, or press ? or * to list all spells.
You don't have enough magic to cast that spell.
Firing (i - inventory)
e - 24 stones (quivered)
Press: ? - help, Shift-Dir - straight line, f/p - river rat
Aim: a river rat (heavily wounded)
You shoot a stone. The stone closely misses the river rat.
The stone hits the rat but does no damage.
The river rat misses you.
Firing (i - inventory)
e - 23 stones (quivered)
Press: ? - help, Shift-Dir - straight line, f/p - river rat
Aim: a river rat (heavily wounded)
You shoot a stone. The stone barely misses the river rat.
The stone closely misses the rat.
The river rat misses you.
Firing (i - inventory)
e - 22 stones (quivered)
Press: ? - help, Shift-Dir - straight line, f/p - river rat
Aim: a river rat (heavily wounded)
You shoot a stone. The stone barely misses the river rat.
The stone closely misses the rat.
The river rat bites you!
* * * LOW HITPOINT WARNING * * *
The river rat bites you!
* * * LOW HITPOINT WARNING * * *
You are too injured to fight recklessly!
There is a gate leading back out of this place here.
You see here a rat corpse.
You see here a rat corpse.
Okay, then.
Okay, then.
Okay, then.
Casting: Magic Dart (safe; 4% risk of failure)
Confirm with . or Enter, or press ? or * to list all spells.
Aiming: Magic Dart (safe; 4% risk of failure)
Press: ? - help, Shift-Dir - straight line, f/p - river rat
Aim: a river rat (heavily wounded)
The magic dart hits the river rat.
The river rat is heavily wounded.
The river rat bites you!
You die... ############### #@rr†∩.∩(....(≈ ###############

You could see a river rat and a rat.

Vanquished Creatures
  A howler monkey (D:4)
  A worker ant zombie (D:5)
  A gnoll (D:2)
  4 adders
  A shadow imp (D:4)
  2 oozes
  An adder skeleton (D:4)
  An orc (D:4)
  4 bats
  5 giant cockroaches
  A goblin (D:4)
  2 frilled lizards (D:3)
  A kobold (D:3)
  5 rats
30 creatures vanquished.

Vanquished Creatures (collateral kills)
  A gnoll (D:2)
1 creature vanquished.

Grand Total: 31 creatures vanquished

Notes
Turn   | Place    | Note
-------+----------+-------------------------------------------
     0 | D:1      | Amnesiac the Deep Elf Wizard began the quest for the Orb.
     0 | D:1      | Reached XP level 1. HP: 10/10 MP: 7/7
   346 | D:2      | Reached skill level 5 in Spellcasting
   346 | D:2      | Reached XP level 2. HP: 6/15 MP: 2/10
   350 | D:2      | Learned a level 2 spell: Blink
   353 | D:2      | Learned a level 2 spell: Call Imp
   974 | D:3      | Noticed an ogre
  1000 | D:4      | Reached skill level 6 in Spellcasting
  1000 | D:4      | Reached XP level 3. HP: 19/19 MP: 4/12
  1005 | D:4      | Learned a level 3 spell: Conjure Flame
  1009 | D:4      | Learned a level 3 spell: Mephitic Cloud
  1058 | D:4      | Reached XP level 4. HP: 24/24 MP: 2/14
  1206 | D:4      | Found an opulent altar of Gozag.
  1312 | D:4      | Found a shadowy altar of Dithmenos.
  1317 | D:4      | Reached skill level 7 in Spellcasting
  1736 | D:4      | Found a shattered altar of Ashenzari.
  2068 | D:5      | Entered Level 5 of the Dungeon
  2076 | D:5      | Noticed a phantom
  2170 | D:5      | Found a glowing drain.
  2183 | D:5      | Found Wirad's Food Boutique.
  2196 | D:5      | Noticed Pikel
  2299 | D:4      | You fall through a shaft for 2 floors!
  2328 | D:6      | Reached XP level 5. HP: 24/28 MP: 3/17
  2385 | Sewer    | Entered a sewer
  2404 | Sewer    | HP: 1/28 [river rat (10)]
  2410 | Sewer    | Mangled by a river rat

Vault maps used:
D:1:      minmay_arrival_stone_box
D:2:      nicolae_tso_swordbearing_angel, uniq_jessica, uniq_terence
D:3:      minmay_ogre_servants, uniq_grinder, uniq_robin
D:4:      nicolae_gozag_seed_capital, grunt_dithmenos_shadows, first_ration,
          nicolae_ashenzari_panopticon
D:5:      minmay_temple_entry_large_hall, serial_shops, shop,
          nicolae_shop_trees, portal_sewer_entry_b, uniq_pikel
D:6:      amethyst_overflow_temple_binary, serial_shops, shop, enter_ossuary_1,
          supply_closet_lemuel, hangedman_abyss_or_decor_jellyfish_corner
Sewer:    sewer_kobolds

Skill      XL: |  1  2  3  4 |
---------------+-------------+-----
Spellcasting   | 5 6 7 |  7.9
Dodging        | |  2.4
Stealth        | |  2.4
Conjurations   | |  1.1
Summonings     | |  1.1
Translocations | |  1.1

Action                   |  1- 3 |  4- 6 || total
-------------------------+-------+-------++-------
Melee: Unarmed           |    27 |       ||    27
 Fire: Fustibalus        |       |     4 ||     4
 Cast: Magic Dart        |    42 |    58 ||   100
       Call Imp          |     7 |       ||     7
       Conjure Flame     |       |     4 ||     4
       Mephitic Cloud    |       |     1 ||     1
       Blink             |       |     1 ||     1
Evoke: Wand              |       |     2 ||     2
  Use: Scroll            |       |     1 ||     1
  Eat: Ration            |       |     1 ||     1
       Chunk             |       |     1 ||     1
Armor: Robe              |    10 |     1 ||    11
Dodge: Dodged            |    32 |    22 ||    54

Table legend:
 A = Spawn XP
 B = Non-spawn XP
 C = Spawn XP percentage of total XP
 D = Spawn monster count
 E = Non-spawn monster count
 F = Spawn count percentage of total count
 G = Total turns spent on level
                    A         B        C        D         E        F      G
               +---------+---------+-------+---------+---------+-------+---------
         Total |       0 |     206 |   0.0 |       0 |      31 |   0.0 |  2410
               +---------+---------+-------+---------+---------+-------+---------
           D:1 |       0 |       2 |   0.0 |       0 |       1 |   0.0 |    59
           D:2 |       0 |      31 |   0.0 |       0 |       6 |   0.0 |   836
           D:3 |       0 |       8 |   0.0 |       0 |       6 |   0.0 |    90
           D:4 |       0 |     126 |   0.0 |       0 |      10 |   0.0 |  1227
           D:5 |       0 |      22 |   0.0 |       0 |       4 |   0.0 |   106
           D:6 |       0 |      14 |   0.0 |       0 |       1 |   0.0 |    67
         Sewer |       0 |       3 |   0.0 |       0 |       3 |   0.0 |    25
               +---------+---------+-------+---------+---------+-------+---------
